 Dungeon Crawl Stone Soup version 0.26-a0-30-g56b8cd3df0 (webtiles) character file.

Game seed: 8453171527625011374, levelgen mode: deterministic

104 Lanoc the Chopper (level 4, -3/41 HPs)
             Began as a Hill Orc Berserker on May 28, 2020.
             Was a Believer of Trog.
             Shot with an arrow by a centaur (15 damage)
             ... on level 5 of the Dungeon.
             The game lasted 00:04:21 (499 turns).

Lanoc the Chopper (Hill Orc Berserker)               Turns: 499, Time: 00:04:22

Health: -3/41      AC:  2    Str: 19    XL:     4   Next: 80%
Magic:  4/4        EV: 12    Int:  7    God:    Trog [**....]
Gold:   47         SH:  0    Dex: 11    Spells: 3/3 levels left

rFire    . . .     SeeInvis +   a - +0 hand axe
rCold    . . .     Gourm    .   (no shield)
rNeg     . . .     Faith    .   b - +0 animal skin
rPois    .         Spirit   .   (no helmet)
rElec    .         Reflect  .   (no cloak)
rCorr    +         Harm     .   (no gloves)
MR       .....                  (no boots)
Stlth    +.........             (no amulet)
HPRegen  0.13/turn              f - ring of see invisible
MPRegen  0.09/turn              h - ring of resist corrosion

@: no status effects
A: no striking features
a: Berserk, Trog's Hand, Renounce Religion


You were on level 5 of the Dungeon.
You worshipped Trog.
Trog was pleased with you.
You were not hungry.

You visited 1 branch of the dungeon, and saw 5 of its levels.

You collected 47 gold pieces.

Inventory:

Hand Weapons
 a - a +0 hand axe (weapon)
Armour
 b - a +0 animal skin (worn)
 e - a +0 pair of gloves
Jewellery
 f - a ring of see invisible (left hand)
 h - a ring of resist corrosion (right hand)
Potions
 g - a potion of lignification {unknown}
 i - a potion of curing {unknown}
Comestibles
 c - a ration
 d - 3 chunks of flesh


   Skills:
 + Level 4.3 Fighting
 * Level 5.4 Axes
 + Level 3.0 Armour
 + Level 2.2 Dodging


You had 3 spell levels left.
You didn't know any spells.
Your spell library was empty.

Dungeon Overview and Level Annotations

Branches:
Dungeon (5/15)
 Temple: D:4-7

Altars:
Dithmenos


Message History

The orc wizard moves out of view.
A giant cockroach comes into view.
Found 19 stones.
The orc wizard gestures wildly while chanting.
The orc wizard seems to speed up.
The orc wizard points at you and mumbles some strange words.
The puff of flame hits you!
* * * LOW HITPOINT WARNING * * *
Found 8 gold pieces.
Found an escape hatch in the floor.
Found a tapered glass wand.
Found a ration.
Found a bubbling red potion.
There is an escape hatch in the floor here.
You slide downwards.
The hatch slams shut behind you.
Found 22 arrows and a scroll labeled HIH NEPNOBBEOK.
A centaur comes into view.
The centaur shouts!
The centaur wields a +0 shortbow.
The centaur shoots an arrow.
The arrow hits you!
You die...

.......
#........
#.......<
#.......#
##.......#
##........#
#..?....c.+
#.........#
#..@(......
##...#+####
#...# #...#
#...# #...#
#...# #...#


You could see a centaur.

Vanquished Creatures
  An orc priest (D:3)
  2 adders (D:2)
  2 oozes
  A worm (D:2)
  A dart slug (D:2)
  3 orcs (D:3)
  A giant cockroach (D:3)
  4 hobgoblins
  6 jackals (D:2)
  4 kobolds
  A quokka (D:2)
  3 bats
  4 frilled lizards
  4 goblins
  4 rats
41 creatures vanquished.

Notes
Turn   | Place    | Note
-------+----------+-------------------------------------------
     0 | D:1      | Lanoc the Hill Orc Berserker began the quest for the Orb.
     0 | D:1      | Reached XP level 1. HP: 19/19 MP: 1/1
    10 | D:2      | Reached XP level 2. HP: 27/27 MP: 2/2
   101 | D:2      | Reached XP level 3. HP: 33/33 MP: 3/3
   203 | D:2      | Reached ** piety under Trog
   260 | D:3      | Found a shadowy altar of Dithmenos.
   275 | D:3      | Reached skill level 5 in Axes
   316 | D:3      | Reached XP level 4. HP: 25/40 MP: 4/4
   497 | D:5      | Entered Level 5 of the Dungeon
   498 | D:5      | Noticed a centaur
   499 | D:5      | Shot with an arrow by a centaur

Illustrated notes

Levels and vault maps discovered:
D:1:      minmay_arrival_floating_metal, layout_loops_corners,
          ebering_dispersal_statue_hall, grunt_decor_cap, feat_on_display
D:2:      layout_loops_ring, lemuel_coloured_pillars_altar,
          grunt_temple_overflow_open
D:3:      layout_basic, nicolae_dithmenos_shadow_blocks,
          chequers_serial_rivers_small_a
D:4:      layout_basic, serial_undead, serial_undead_b, serial_undead_b,
          serial_undead_a, serial_undead_c, serial_undead_e, serial_undead_a,
          minmay_stone_trees_small
D:5:      layout_basic, fiery_altar_vehumet, marbit_many_paths, first_ration,
          minmay_manual_mares, uniq_prince_ribbit1, uniq_sigmund

Skill      XL: |  1  2  3  4 |
---------------+-------------+-----
Fighting       | 4 |  4.3
Dodging        | 2 |  2.2
Axes           | 5 |  5.4
Armour         | 3 |  3.0

Action                   |  1- 3 |  4- 6 || total
-------------------------+-------+-------++-------
Melee: Hand axe          |    71 |    29 ||   100
Invok: Berserk           |     5 |     1 ||     6
  Eat: Chunk             |     3 |     2 ||     5
Armor: Animal skin       |    14 |     4 ||    18
Dodge: Dodged            |    54 |    15 ||    69

Table legend:
 A = Non-vault XP
 B = Vault XP
 C = Vault XP percentage of total XP
 D = Non-vault monster count
 E = Vault monster count
 F = Vault count percentage of total count
                 A         B        C        D         E       F
            +---------+---------+-------+---------+---------+-------
      Total |     149 |       0 |   0.0 |      41 |       0 |   0.0
            +---------+---------+-------+---------+---------+-------
        D:2 |      75 |       0 |   0.0 |      25 |       0 |   0.0
        D:3 |      74 |       0 |   0.0 |      16 |       0 |   0.0
            +---------+---------+-------+---------+---------+-------
